 Dungeon Crawl Stone Soup version 0.29.1-15-g9cfb28693d (webtiles) character file.

Game seed: 338555685985091407

597 Coot the Firebug (level 7, -1/55 HPs)
             Began as a Human Cinder Acolyte on Apr 3, 2023.
             Was a Follower of Ignis.
             Slain by a fire bat (5 damage)
             ... on level 4 of the Dungeon.
             The game lasted 00:31:52 (6316 turns).

Coot the Firebug (Human Cinder Acolyte)             Turns: 6316, Time: 00:31:52

Health: -1/55      AC:  2    Str: 15 (16) XL:     7   Next: 68%
Magic:  11/11      EV: 11    Int: 12 (14) God:    Ignis [*.....]
Gold:   185        SH:  0    Dex:  7 (9)  Spells: 10/12 levels left

rFire   + . .      SeeInvis .   a - -1 falchion (flame)
rCold   . . .      Faith    .   (no shield)
rNeg    . . .      Spirit   .   b - +0 robe
rPois   .          Reflect  .   (no helmet)
rElec   .          Harm     .   (no cloak)
rCorr   .          Rampage  .   (no gloves)
Will    .....                   (no boots)
Stlth   +.........              (no amulet)
HPRegen 0.18/turn               (no ring)
MPRegen 0.12/turn               (no ring)

@: no status effects
A: no striking features
a: Renounce Religion, Fiery Armour, Foxfire Swarm, Rising Flame


You were on level 4 of the Dungeon.
You worshipped Ignis.
Ignis was aware of your devotion.
You visited 1 branch of the dungeon, and saw 4 of its levels.

You collected 205 gold pieces.
You spent 20 gold pieces at shops.

Inventory:

Hand Weapons
 a - a -1 falchion of flaming (weapon)
 j - a +2 quarterstaff of chaos
 k - a +3 dagger of venom
 r - the +6 falchion of Odef {freeze, rPois}
   (You found it on level 4 of the Dungeon)

   It freezes those it strikes, dealing additional cold damage.
   It can also slow down cold-blooded creatures.
   rPois:     It protects you from poison.
Armour
 b - a +0 robe (worn)
Wands
 h - a wand of polymorph (6)
Scrolls
 d - a scroll of blinking
 e - a scroll of poison
 g - a scroll of torment
 l - a scroll of immolation
 m - a scroll of amnesia {unknown}
 o - 2 scrolls of butterflies {unknown}
 q - a scroll of noise {unknown}
Potions
 f - a potion of brilliance
 i - a potion of lignification
 n - a potion of heal wounds {unknown}
 p - a potion of haste {unknown}
 s - a potion of mutation {unknown}
 t - a potion of resistance


   Skills:
 + Level 4.3 Fighting
 + Level 4.6 Long Blades
 + Level 2.1 Dodging
 + Level 1.0 Stealth
 + Level 3.2 Spellcasting
 + Level 4.9 Fire Magic


You had 10 spell levels left.
You knew the following spells:

 Your Spells              Type           Power      Damage    Failure   Level
a - Scorch                Fire           26%        2d6       4%          2

Your spell library contained the following spells:

 Spells                   Type           Power      Damage    Failure   Level
 Beastly Appendage        Tmut           2%         N/A       24%         1
 Wereblood                Tmut           1%         N/A       36%         2
 Gell's Gravitas          Tloc           1%         N/A       58%         3
 Lesser Beckoning         Tloc           1%         N/A       58%         3
 Spider Form              Tmut/Pois      1%         N/A       58%         3
 Teleport Other           Tloc           1%         N/A       58%         3
 Hailstorm                Conj/Ice       1%         3d3       94%         4
 Ice Form                 Ice/Tmut       1%         N/A       94%         4
 Simulacrum               Ice/Necr       0%         N/A       100%        6


Dungeon Overview and Level Annotations

Branches:
Dungeon (4/15)
 Temple: D:4-7

Altars:
Ashenzari

Shops:
D:1 ?   D:4 =

Annotations:
D:4 1 transporter


Message History

The fire bat misses you. The fire bat barely misses you.
You barely miss the fire bat. The fire bat bites you.
You are engulfed in flames.
You resist. The fire bat bites you.
You are engulfed in flames.
You resist.
Really walk into that cloud of flame? [Y]es or [N]o only, please.
Really walk into that cloud of flame? [Y]es or [N]o only, please.
Really walk into that cloud of flame?
Okay, then.
The fire bat barely misses you. The fire bat barely misses you.
The fire bat bites you.
You are engulfed in flames.
You resist.
You are too injured to fight recklessly!
The fire bat attacks as you move away! The fire bat bites you.
You are engulfed in flames.
You resist. The fire bat completely misses you. The fire bat bites you.
You are engulfed in flames.
You resist.
* * * LOW HITPOINT WARNING * * *
The fire bat misses you.
You are too injured to fight recklessly!
You closely miss the fire bat. The fire bat barely misses you. x2
You closely miss the fire bat. The fire bat bites you.
* * * LOW HITPOINT WARNING * * *
You are engulfed in flames.
You resist.
* * * LOW HITPOINT WARNING * * *
The fire bat bites you.
* * * LOW HITPOINT WARNING * * *
You are engulfed in flames.
You resist.
* * * LOW HITPOINT WARNING * * *
Okay, then.
Blink to where?
Press: ? - help, Dir - move target There's something in the way.
Okay, then.
It was a potion of degeneration.
There was something very wrong with that liquid.
You feel weakened.
You feel dopey.
You feel clumsy.
The fire bat bites you but does no damage.
The fire bat bites you.
You die...

....>......###########
.......#####°°°!©(○○°#
.......# #☼☼○$)$°°°#
.......# #○○°...°°○#
.......# #○○°°°°☼○°#
.......# #°.°°°°°.☼#
.......# ####○°☼####
.......# #°°bb.☼°#
.....).# #☼.#@#.°#
.......######°☼...°°#
...........##☼☼#©#°○#
##########.##☼○°☼°☼○#
#..#○.°°○.○#
##.#########
#.†...©..# ####.....#
#...###


You could see 2 fire bats.

Vanquished Creatures
  2 ogres (D:4)
  2 necrophages (D:4)
  2 hounds (D:4)
  Crazy Yiuf (D:2)
  Natasha (twice) (D:2)
  Terence (D:3)
  6 adders
  2 worms (D:3)
  A dart slug (D:3)
  6 orcs
  6 ball pythons
  6 bats
  9 endoplasms
  2 giant cockroaches
  8 goblins
  5 hobgoblins
  3 jackals (D:3)
  3 quokkas
  4 frilled lizards (D:1)
  7 kobolds
  4 rats
82 creatures vanquished.

Vanquished Creatures (others)
  43 foxfires
43 creatures vanquished.

Grand Total: 125 creatures vanquished

Notes
Turn   | Place    | Note
-------+----------+-------------------------------------------
     0 | D:1      | Coot the Human Cinder Acolyte began the quest for the Orb.
     0 | D:1      | Reached XP level 1. HP: 18/18 MP: 2/2
   201 | D:1      | Reached XP level 2. HP: 4/24 MP: 3/3
  1134 | D:1      | Reached XP level 3. HP: 21/29 MP: 4/4
  1228 | D:1      | Learned a level 2 spell: Scorch
  1304 | D:1      | Found Beoqozeq's Magic Scroll Boutique.
  1312 | D:1      | Bought a scroll of identify for 20 gold pieces
  2231 | D:2      | Found a runed translucent door.
  2232 | D:2      | Noticed Crazy Yiuf
  2294 | D:2      | Found a broken altar of Ashenzari.
  2348 | D:2      | Noticed Natasha
  2354 | D:2      | Killed Natasha
  2355 | D:2      | Reached XP level 4. HP: 30/36 MP: 0/6
  2490 | D:2      | Noticed Natasha
  2496 | D:2      | Killed Natasha
  2497 | D:2      | Reached skill level 1 in Dodging
  2517 | D:2      | Reached XP level 5. HP: 7/42 MP: 7/7
  3017 | D:2      | Killed Crazy Yiuf
  4306 | D:3      | Noticed Terence
  4857 | D:3      | Reached XP level 6. HP: 48/48 MP: 5/8
  5056 | D:3      | Killed Terence
  5519 | D:4      | Found Jybbieff's Jewellery Shop.
  5596 | D:4      | Noticed an ogre
  5602 | D:4      | Killed an ogre
  5603 | D:4      | Reached XP level 7. HP: 54/54 MP: 5/11
  5668 | D:4      | Reached skill level 1 in Stealth
  5669 | D:4      | Identified the +6 falchion of Odef {freeze, rPois}
  5752 | D:4      | Found a transporter.
  6167 | D:4      | Found a transporter.
  6257 | D:4      | Noticed a fire bat
  6259 | D:4      | Noticed a fire bat
  6316 | D:4      | Slain by a fire bat

Illustrated notes

Levels and vault maps discovered:
D:1:      minmay_arrival_doors, layout_basic, serial_shops, shop
D:2:      layout_rooms, basic_altar, dk_noncrumbling_2, skrybe_limestone_x,
          uniq_natasha, uniq_crazy_yiuf_cottage
D:3:      layout_loops_ring, minmay_mini_jars, uniq_terence
D:4:      gammafunk_cloud_chamber, layout_basic, serial_shops, shop_fountains

Skill      XL: |  1  2  3  4  5  6  7 |
---------------+----------------------+-----
Dodging        | 1 2 |  2.1
Long Blades    | 4 |  4.6
Spellcasting   | 2 3 |  3.2
Fire Magic     | 4 |  4.9
Fighting       | 4 |  4.3
Stealth        | 1 |  1.0

Action                   |  1- 3 |  4- 6 |  7- 9 || total
-------------------------+-------+-------+-------++-------
Melee: Falchion          |    97 |   143 |    25 ||   265
       Punch             |     2 |     1 |       ||     3
 Cast: Scorch            |     6 |    28 |     5 ||    39
Invok: Foxfire Swarm     |     1 |     3 |       ||     4
       Fiery Armour      |       |     4 |       ||     4
  Use: Scroll            |     3 |     4 |       ||     7
       Potion            |       |       |     1 ||     1
Armor: Robe              |    15 |    47 |     5 ||    67
Dodge: Dodged            |    65 |   130 |    26 ||   221
